 Dungeon Crawl Stone Soup version 0.28.0-43-g3370ac3207 (webtiles) character file.

Game seed: 4624132360513588357

45595 CryoSword the Grappler (level 14, -4/124 HPs)
             Began as a Green Draconian Transmuter on Mar 26, 2022.
             Was a High Priest of Dithmenos.
             Killed from afar by a fire dragon (35 damage)
             ... with a blast of flame
             ... on level 6 of the Lair of Beasts.
             The game lasted 01:01:02 (31923 turns).

CryoSword the Grappler (DrTm)                      Turns: 31923, Time: 01:01:03

Health: -4/124     AC: 18    Str: 19    XL:     14   Next: 1%
Magic:  19/20      EV: 12    Int: 15    God:    Dithmenos [*****.]
Gold:   1642       SH: 13    Dex: 13    Spells: 12/21 levels left

rFire   . . .      SeeInvis +     - Unarmed
rCold   . . .      Faith    .   t - +3 kite shield
rNeg    . . .      Spirit   .   (armour unavailable)
rPois   +          Reflect  .   O - +1 hat
rElec   +          Harm     .   v - +2 cloak
rCorr   +          Rampage  .   D - +2 pair of gloves
Will    ++...                   E - +2 pair of boots {Fly}
Stlth   +++++.....              (no amulet)
HPRegen 0.30/turn               C - ring "Luax" {Contam rElec rPois rCorr SInv}
MPRegen 0.17/turn               o - ring of Veociluj {Will+ Str+4}

@: flying, hasted, wreathed by umbra, very quick
A: breathe noxious fumes, AC +8, unfitting armour, stinger 1, poison resistance,
cold-blooded
a: Breathe Noxious Fumes, Renounce Religion, Shadow Step, Shadow Form


You were on level 6 of the Lair of Beasts.
You worshipped Dithmenos.
Dithmenos was extremely pleased with you.
You visited 3 branches of the dungeon, and saw 19 of its levels.
You also visited: Bailey.

You collected 1877 gold pieces.
You spent 235 gold pieces at shops.

Inventory:

Hand Weapons
 a - the +10 hand axe of Integrity {vorpal, rF+ rC+}
   (You found it in a bailey)

   It inflicts extra damage upon your enemies.
   rF:        It protects you from fire.
   rC:        It protects you from cold.
 w - a +4 scimitar of flaming
   (You took it off an efreet on level 11 of the Dungeon)
Missiles
 i - 5 javelins (quivered)
 j - 2 boomerangs
 y - 33 poisoned darts
 I - 2 curare-tipped darts
 L - 5 throwing nets
Armour
 t - a +3 kite shield (worn)
   (You took it off a gnoll sergeant on level 4 of the Dungeon)
 v - a +2 cloak (worn)
   (You found it on level 8 of the Dungeon)
 x - a +0 buckler
   (You found it on level 3 of the Dungeon)
 D - a +2 pair of gloves (worn)
   (You found it in a bailey)
 E - a +2 pair of boots of flying (worn)
   (You found it in a bailey)
 O - a +1 hat (worn)
   (You found it on level 3 of the Lair of Beasts)
Jewellery
 o - the ring of Veociluj (right hand) {Will+ Str+4}
   (You found it on level 10 of the Dungeon)

   [ring of willpower]

   Str:       It affects your strength (+4).
   Will:      It increases your willpower.
 C - the ring "Luax" (left hand) {Contam rElec rPois rCorr SInv}
   (You found it on level 7 of the Dungeon)

   [ring of poison resistance]

   rElec:     It insulates you from electricity.
   rPois:     It protects you from poison.
   SInv:      It lets you see invisible.
   Contam:    It causes magical contamination when unequipped.
   rCorr:     It protects you from acid and corrosion.
Wands
 f - a wand of iceblast (5)
   (You took it off Ijyb on level 2 of the Dungeon)
 M - a wand of digging (11)
   (You found it on level 2 of the Lair of Beasts)
Scrolls
 e - 2 scrolls of enchant weapon
 g - 4 scrolls of fog
 k - 3 scrolls of fear
 l - a scroll of magic mapping {unknown}
 m - 4 scrolls of teleportation {@r4}
 p - 3 scrolls of vulnerability {!r}
 r - a scroll of torment {unknown}
 u - 2 scrolls of holy word
 B - a scroll of silence {unknown}
 G - 3 scrolls of amnesia {unknown}
 H - 5 scrolls of noise {unknown}
 K - 2 scrolls of identify {@r1}
Potions
 b - 2 potions of resistance {unknown}
 c - 5 potions of berserk rage
 h - 12 potions of curing {@q1}
 n - a potion of ambrosia
 q - a potion of magic {unknown}
 s - 4 potions of brilliance {unknown}
 z - 3 potions of lignification {!q}
 A - 2 potions of haste {@q3}
 F - a potion of might {unknown}
 J - a potion of cancellation {unknown}
 N - a potion of attraction {unknown}


   Skills:
 + Level 11.0 Fighting
 - Level 3.1 Throwing
 + Level 5.8 Dodging
 - Level 7.0 Stealth
 + Level 7.5 Shields
 + Level 14.3 Unarmed Combat
 + Level 4.1 Spellcasting
 * Level 4.8 Translocations
 * Level 10.5 Transmutations
 - Level 3.0 Ice Magic
 - Level 3.0 Invocations


You had 12 spell levels left.
You knew the following spells:

 Your Spells              Type           Power      Damage    Failure   Level
a - Beastly Appendage     Tmut           68%        N/A       1%          1
b - Wereblood             Tmut           34%        N/A       1%          2
c - Ice Form              Ice/Tmut       23%        N/A       28%         4
B - Blink                 Tloc           34%        N/A       10%         2

Your spell library contained the following spells:

 Spells                   Type           Power      Damage    Failure   Level
 Freeze                   Ice            48%        1d7       13%         1
 Spider Form              Tmut/Pois      18%        N/A       16%         3
 Lesser Beckoning         Tloc           17%        N/A       19%         3
 Ignite Poison            Fire/Tmut/Pois 13%        N/A       32%         3
 Frozen Ramparts          Ice            24%        1d4       36%         3
 Slow                     Hex            12%        N/A       41%         1
 Summon Small Mammal      Summ           12%        N/A       41%         1
 Portal Projectile        Hex/Tloc       20%        N/A       45%         3
 Corpse Rot               Necr/Air       6%         N/A       56%         2
 Call Canine Familiar     Summ           3%         N/A       80%         3
 Confusing Touch          Hex            3%         N/A       80%         3
 Conjure Flame            Conj/Fire      3%         6-21      80%         3
 Mephitic Cloud           Conj/Pois/Air  3%         N/A       80%         3
 Summon Guardian Golem    Hex/Summ       3%         N/A       80%         3
 Vampiric Draining        Necr           3%         2d6       80%         3
 Manifold Assault         Tloc           17%        N/A       86%         5
 Dispel Undead            Necr           3%         3d7       99%         4
 Leda's Liquefaction      Hex/Erth       1%         N/A       99%         4
 Sticky Flame             Conj/Fire      3%         2d3       99%         4
 Freezing Cloud           Conj/Ice/Air   3%         6-21      100%        5
 Death Channel            Necr           1%         N/A       100%        6
 Storm Form               Tmut/Air       9%         N/A       100%        7


Dungeon Overview and Level Annotations

Branches:
Dungeon (12/15)            Temple (1/1) D:6            Lair (6/6) D:10
  Swamp (0/4) Lair:3        Snake (0/4) Lair:3        Slime (0/5) Lair:6
    Orc (0/2) D:9          Bailey (visited)

Altars:
Ashenzari
Cheibriados
Dithmenos
Fedhas
Gozag
Hepliaklqana
Makhleb
Qazlal
Ru
Sif Muna
Trog
Vehumet
Wu Jian
Yredelemnul
Zin
The Shining One
Jiyva

Shops:
D:3 *?*[=

Annotations:
Lair:6 1 runed translucent door


Innate Abilities, Weirdness & Mutations

You can breathe blasts of noxious fumes.
Your lurid green scales are hard. (AC +8)
You cannot fit into any form of body armour.
Your tail ends in a venomous barb.
Your system is resistant to poisons. (rPois)
You are cold-blooded and may be slowed by cold attacks.


Message History

No target in view!
You see here +0 steam dragon scales.
A lava snake is nearby!
A lava snake is nearby!
No reachable target in view!
No reachable target in view!
The lava snake hisses angrily.
You hear a bark!
The lava snake spits lava at you. The glob of lava hits you!!
You punch the lava snake! You block the lava snake's attack.
You closely miss the lava snake.
Your tail-slap misses the lava snake.
You barely miss the lava snake. The hell hound breathes flames at you.
The blast of flame hits the lava snake.
The lava snake completely resists.
The blast of flame hits you! You block the lava snake's attack.
The hell hound stops to sniff the ground.
You closely miss the lava snake. You block the lava snake's attack.
You hit the lava snake. Your shadow hits the lava snake.
You kill the lava snake!
Dithmenos accepts your kill.
The molten gargoyle blasts magma at you!
The bolt of magma misses you. You block the molten gargoyle's attack.
The molten gargoyle blasts magma at you!
The bolt of magma hits you!!
The molten gargoyle blasts magma at you!
The bolt of magma hits you.
You pummel the molten gargoyle!!
Your shadow hits the molten gargoyle but does no damage.
The molten gargoyle hits you but does no damage.
You hit the molten gargoyle but do no damage.
You tail-slap the molten gargoyle, but do no damage.
The molten gargoyle blasts magma at you!
The bolt of magma hits you.
You punch the molten gargoyle! You block the molten gargoyle's attack.
You punch the molten gargoyle!
You destroy the molten gargoyle!
Dithmenos accepts your kill.
You start resting.
You start resting.
A hell hound comes into view.
You block the hell hound's attack.
You punch the hell hound! You tail-slap the hell hound. You hit the hell hound.
You block the hell hound's attack.
The hell hound bites you but does no damage.
You miss the hell hound.
Your tail-slap misses the hell hound.
Your shadow hits the hell hound. The hell hound breathes flames at you.
The blast of flame hits you but does no damage.
You punch the hell hound! Your shadow hits the hell hound.
You kill the hell hound!
Dithmenos accepts your kill.
You have reached level 14!
A venomous barb forms on the end of your tail.
A basilisk comes into view.
The fire dragon roars deafeningly!
The basilisk gazes at you.
You are slowing down.
You block the basilisk's attack. x2
Your limbs are stiffening.
The basilisk bites you.
You have turned to stone.
The basilisk bites you.
The basilisk bites you but does no damage.
The basilisk gazes at you. You resist with almost no effort.
The basilisk gazes at you. x2
You resist with almost no effort. The basilisk bites you.
The basilisk gazes at you. You resist with almost no effort.
You turn to flesh and can move again.
Unknown command.
Unknown command.
You hit the basilisk but do no damage. Your shadow hits the basilisk.
The basilisk bites you.
You pummel the basilisk!!
Your shadow closely misses the basilisk.
The basilisk bites you but does no damage.
You pummel the basilisk!!
You kill the basilisk!
Dithmenos accepts your kill.
Found 11 gold pieces and a shiny emerald ring.
You start resting.
You block the komodo dragon's attack.
Aim: a komodo dragon (umbra, 74% to hit)
You exhale a blast of noxious fumes.
The blast of choking fumes hits the komodo dragon.
The komodo dragon is engulfed in noxious fumes.
The komodo dragon closely misses you.
You punch the komodo dragon! Your shadow hits the komodo dragon.
The komodo dragon is engulfed in noxious fumes.
The komodo dragon appears confused.
The komodo dragon is engulfed in noxious fumes.
The komodo dragon appears confused.
The komodo dragon closely misses you.
You catch the helpless komodo dragon completely off-guard!
You punch the komodo dragon!
The komodo dragon is engulfed in noxious fumes.
The komodo dragon appears confused.
You block the komodo dragon's attack.
The komodo dragon bites itself!
The komodo dragon is killed!
Dithmenos accepts your kill.
No target in view!
No target in view!
The hell hound barks!
You have got your breath back.
Found 31 gold pieces and 14 stones.
The fire dragon roars deafeningly!
The hell hound breathes flames at you. The blast of flame hits you.
You reach down and open the large door.
You blink.
The fire dragon breathes flames at you. The blast of flame hits you!!!
Aim: a fire dragon (umbra)
The mass of ice explodes!
The iceblast engulfs the fire dragon.
Aim: a fire dragon (lightly wounded, umbra)
The mass of ice explodes!
The iceblast engulfs the fire dragon!
The fire dragon is frozen!
The fire dragon breathes flames at you. The blast of flame hits you!!
Aim: a fire dragon (lightly wounded, catching its breath, umbra)
The mass of ice explodes!
The iceblast engulfs the fire dragon!
The fire dragon is frozen!
Aim: a fire dragon (moderately wounded, catching its breath, umbra)
The mass of ice explodes!
The iceblast engulfs the fire dragon!
The fire dragon is frozen!
You feel stable enough to blink again.
You closely miss the fire dragon.
You tail-slap the fire dragon, but do no damage.
You block the fire dragon's attack. The fire dragon barely misses you.
The fire dragon tramples you but does no damage.
You barely miss the fire dragon. The fire dragon breathes flames at you.
The blast of flame hits you!!
* * * LOW HITPOINT WARNING * * *
You punch the fire dragon! Your shadow hits the fire dragon.
You block the fire dragon's attack.
The fire dragon claws you but does no damage.
You block the fire dragon's attack.
You punch the fire dragon!
You tail-slap the fire dragon, but do no damage.
Your shadow closely misses the fire dragon.
The fire dragon bites you!
* * * LOW HITPOINT WARNING * * *
The fire dragon barely misses you.
The fire dragon tramples you but does no damage.
You feel yourself speed up. The fire dragon breathes flames at you.
The blast of flame hits you!!
You die...

##§§###.........#.§≈### ##..
#≈≈≈≈§##...§....#..##8##### #...
##≈≈§§≈§.##..§≈§###..#..8#.# #...
#≈≈##≈§.§≈##§§≈≈§§.≈......## ###.
#≈≈##≈§§.≈§#§§≈≈§§§≈#.)....######
######..≈≈≈≈######.≈≈h..).....###
#8#8##.##≈≈##$!($##§≈§#.........#
#......#§§#$=..)$#.≈§≈##........
#8#......#§#....@.#≈§...[....####
###......§§#....D.#§#.......## ##
#......§§#......#§#......## #.
##.....#≈≈##....##≈##....†8# ##
##......#§§≈##''##≈≈§##....## ##.
.........#§≈≈§.§§§§≈####.8#8###..
.........§§§≈§.§§§####§≈§#####...
##.........§§§..§..###§§≈## #.<.
####..§............##≈≈≈≈#####.P


You could see a fire dragon (catching breath).

Vanquished Creatures
  Gastronok (D:8)
  Fannar (Lair:1)
  Harold (Lair:1)
  8 hydras
  A catoblepas (Lair:5)
  3 two-headed ogres
  Pikel (D:8)
  A lindwurm (Lair:6)
  An orc knight (Bailey)
  4 oklob plants (Lair:3)
  2 molten gargoyles (Lair:6)
  2 gargoyles
  6 black mambas
  8 cane toads
  An unseen horror (D:10)
  4 rime drakes
  3 kobold demonologists
  An efreet (D:11)
  13 komodo dragons
  A hornet (D:6)
  3 polar bears
  2 trolls
  Prince Ribbit (D:9)
  21 blink frogs
  Sigmund (D:5)
  A ynoxinul (D:10)
  A wraith (D:10)
  9 wyverns
  7 basilisks (Lair:6)
  30 yaks
  3 steam dragons
  2 vampire mosquitoes (D:11)
  3 nagas (Lair:3)
  2 hell hounds (Lair:6)
  16 water moccasins
  An acid dragon (D:11)
  3 sky beasts
  12 orc warriors
  A necrophage (D:5)
  A black bear (Lair:1)
  4 ogres
  An ice beast (D:4)
  5 wolves
  9 centaurs
  3 kobold brigands
  2 lemures (D:8)
  Blork the orc (D:4)
  11 bullfrogs
  2 gnoll sergeants
  A wyvern zombie (D:6)
  A scorpion (D:4)
  5 killer bees (D:9)
  7 electric eels
  5 wights
  2 howler monkeys (D:9)
  A bullfrog zombie (D:5)
  A centaur skeleton (D:7)
  7 lava snakes
  3 centaur zombies
  A hound (D:6)
  5 orc priests
  Jessica (D:2)
  4 orc wizards
  Ijyb (D:2)
  A hound skeleton (D:4)
  14 gnolls
  12 adders
  2 white imps
  3 worms
  4 dart slugs
  52 orcs
  10 endoplasms
  5 giant cockroaches
  21 goblins
  13 hobgoblins
  3 jackals (D:1)
  30 kobolds
  4 quokkas
  6 ball pythons
  3 bats
  4 frilled lizards
  7 rats
460 creatures vanquished.

Vanquished Creatures (collateral kills)
  A killer bee (D:9)
1 creature vanquished.

Vanquished Creatures (others)
  36 fungi
  63 plants
99 creatures vanquished.

Grand Total: 560 creatures vanquished

Notes
Turn   | Place    | Note
-------+----------+-------------------------------------------
     0 | D:1      | CryoSword the Draconian Transmuter began the quest for the
                  | Orb.
     0 | D:1      | Reached XP level 1. HP: 16/16 MP: 3/3
   191 | D:1      | Reached XP level 2. HP: 23/23 MP: 3/5
   985 | D:1      | Reached XP level 3. HP: 27/29 MP: 4/6
  1210 | D:2      | Noticed Ijyb
  1267 | D:2      | Killed Ijyb
  1268 | D:2      | Reached XP level 4. HP: 20/36 MP: 5/7
  1674 | D:2      | Reached skill level 4 in Unarmed Combat
  2128 | D:2      | Noticed Jessica
  2137 | D:2      | Killed Jessica
  2138 | D:2      | Reached XP level 5. HP: 28/42 MP: 8/8
  2460 | D:3      | Found a faded altar of an unknown god.
  2681 | D:3      | Found a glowing golden altar of the Shining One.
  2711 | D:3      | Found Tiunankeurph's Jewellery Shop.
  2729 | D:3      | Learned a level 2 spell: Wereblood
  2739 | D:3      | Found Jenorai's Antique Armour Shoppe.
  3106 | D:3      | Reached skill level 1 in Shields
  3181 | D:3      | Found Ontewiuf's General Store.
  3204 | D:3      | Bought a scroll of enchant armour for 90 gold pieces
  3204 | D:3      | Bought a scroll of identify for 24 gold pieces
  3204 | D:3      | Bought a scroll of identify for 24 gold pieces
  3498 | D:3      | Found Jyclug's Magic Scroll Emporium.
  3512 | D:3      | Bought a scroll of immolation for 45 gold pieces
  3512 | D:3      | Bought a scroll of identify for 26 gold pieces
  3512 | D:3      | Bought a scroll of identify for 26 gold pieces
  3516 | D:3      | Found Hitivvif's General Store.
  3608 | D:4      | Noticed an ogre
  3684 | D:4      | Reached XP level 6. HP: 50/50 MP: 9/9
  4240 | D:4      | Reached skill level 5 in Unarmed Combat
  4524 | D:5      | Entered Level 5 of the Dungeon
  4535 | D:5      | Noticed Blork the orc
  4679 | D:5      | Noticed a sky beast
  5047 | D:5      | Your scales start taking on a lurid green colour.
  5047 | D:5      | Reached XP level 7. HP: 57/57 MP: 7/10
  5047 | D:5      | Gained mutation: Your system is resistant to poisons.
                  | (rPois) [Green Draconian growth]
  5233 | D:4      | Killed Blork the orc
  6087 | D:5      | Reached skill level 6 in Unarmed Combat
  6090 | D:5      | Learned a level 2 spell: Blink
  6095 | D:5      | Learned a level 4 spell: Ice Form
  6129 | D:5      | Noticed Sigmund
  6139 | D:5      | Killed Sigmund
  6200 | D:4      | Reached skill level 1 in Stealth
  6200 | D:4      | Reached skill level 1 in Translocations
  6200 | D:4      | Reached XP level 8. HP: 31/66 MP: 9/11
  7108 | D:6      | Found a staircase to the Ecumenical Temple.
  7128 | Temple   | Entered the Ecumenical Temple
  7247 | Temple   | Became a worshipper of Dithmenos the Shadowed
  7301 | D:6      | Reached skill level 7 in Unarmed Combat
  8320 | D:6      | Noticed a kobold demonologist
  8320 | D:6      | Noticed a hornet
  8373 | D:5      | Reached skill level 5 in Fighting
  8373 | D:5      | Reached skill level 5 in Shields
  8678 | D:6      | Killed a kobold demonologist
  8679 | D:6      | Reached XP level 9. HP: 56/74 MP: 11/13
  9028 | D:7      | Reached skill level 8 in Unarmed Combat
  9056 | D:7      | Found a flagged portal.
  9171 | Bailey   | Entered a bailey
  9520 | Bailey   | Noticed a kobold demonologist
  9539 | Bailey   | Killed a kobold demonologist
  9899 | Bailey   | Noticed an orc knight
  9940 | Bailey   | Killed an orc knight
  9941 | Bailey   | Reached skill level 9 in Unarmed Combat
 10196 | Bailey   | Reached XP level 10. HP: 84/84 MP: 12/14
 10196 | Bailey   | Reached * piety under Dithmenos
 10279 | Bailey   | Acquired 598 gold pieces
 10497 | Bailey   | Found an iron altar of Okawaru.
 10508 | Bailey   | Noticed an orange demon
 10515 | Bailey   | Reached skill level 1 in Throwing
 10567 | Bailey   | Identified the +10 hand axe of Integrity {vorpal, rF+ rC+}
 10836 | D:7      | Identified the ring "Luax" {Contam rElec rPois rCorr SInv}
 10905 | D:7      | Reached skill level 10 in Unarmed Combat
 11314 | D:8      | Reached ** piety under Dithmenos
 11373 | D:8      | Noticed Pikel
 11404 | D:8      | Killed Pikel
 11827 | D:8      | Noticed Gastronok
 12514 | D:9      | Noticed Prince Ribbit
 12529 | D:9      | Killed Prince Ribbit
 12782 | D:9      | Found a staircase to the Orcish Mines.
 13159 | D:9      | Noticed a five-headed hydra
 13164 | D:9      | Noticed a two-headed ogre
 13460 | D:9      | Killed a two-headed ogre
 13461 | D:9      | Reached skill level 5 in Stealth
 13461 | D:9      | Reached skill level 11 in Unarmed Combat
 13706 | D:9      | Found an opulent altar of Gozag.
 13707 | D:9      | Found a radiant altar of Vehumet.
 13753 | D:10     | Entered Level 10 of the Dungeon
 13761 | D:10     | Reached XP level 11. HP: 94/94 MP: 12/15
 13792 | D:10     | Found a staircase to the Lair.
 14069 | D:10     | Reached skill level 1 in Ice Magic
 14630 | D:10     | Identified the ring of Veociluj {Will+ Str+4}
 14659 | D:10     | Found a bloodstained altar of Trog.
 14665 | D:10     | Found a shimmering blue altar of Sif Muna.
 14669 | D:10     | Got Sif Muna's Catalogue of the Frostbite
 14799 | D:10     | Found an ornate altar of the Wu Jian Council.
 14828 | D:10     | Found a stormy altar of Qazlal.
 14859 | D:10     | Found a broken altar of Ashenzari.
 15159 | D:9      | Found a staircase to the Orcish Mines.
 15480 | D:9      | Found an opulent altar of Gozag.
 15481 | D:9      | Found a radiant altar of Vehumet.
 15954 | D:9      | Found a staircase to the Orcish Mines.
 16246 | D:9      | Found an opulent altar of Gozag.
 16247 | D:9      | Found a radiant altar of Vehumet.
 16458 | D:10     | Found a bloodstained altar of Trog.
 16464 | D:10     | Found a shimmering blue altar of Sif Muna.
 16522 | D:10     | Found a staircase to the Lair.
 16692 | D:10     | Found an ornate altar of the Wu Jian Council.
 16694 | D:10     | Found a broken altar of Ashenzari.
 16722 | D:10     | Found a stormy altar of Qazlal.
 16962 | D:8      | Killed a one-headed hydra
 17273 | D:8      | Killed Gastronok
 17274 | D:8      | Reached skill level 5 in Transmutations
 18083 | D:11     | Noticed a two-headed ogre
 18095 | D:11     | Killed a two-headed ogre
 19362 | D:12     | Noticed a two-headed ogre
 19375 | D:12     | Killed a two-headed ogre
 19376 | D:12     | Reached skill level 12 in Unarmed Combat
 19526 | Lair:1   | Entered Level 1 of the Lair of Beasts
 19560 | Lair:1   | Noticed Harold
 19583 | Lair:1   | Killed Harold
 19800 | Lair:1   | Reached XP level 12. HP: 41/104 MP: 16/16
 19943 | Lair:1   | Noticed Fannar
 20682 | Lair:1   | Reached skill level 1 in Invocations
 20879 | Lair:1   | Noticed a seven-headed hydra
 20893 | Lair:1   | Killed a two-headed hydra
 21209 | Lair:1   | Noticed an eight-headed hydra
 21439 | Lair:1   | Killed Fannar
 21936 | Lair:1   | Killed a four-headed hydra
 22912 | Lair:2   | Reached skill level 13 in Unarmed Combat
 22919 | Lair:2   | Reached *** piety under Dithmenos
 23790 | Lair:3   | Reached skill level 10 in Fighting
 24170 | Lair:3   | Found a staircase to the Swamp.
 24195 | Lair:3   | Found a staircase to the Snake Pit.
 24682 | Lair:3   | You are sucked into a shaft and drop 1 floor!
 24826 | Lair:3   | Noticed a six-headed hydra
 24839 | Lair:3   | Killed a one-headed hydra
 25713 | Lair:4   | Reached XP level 13. HP: 107/113 MP: 16/18
 26352 | Lair:4   | Reached **** piety under Dithmenos
 26764 | Lair:4   | Found a snail-covered altar of Cheibriados.
 27820 | Lair:5   | Reached skill level 5 in Dodging
 28831 | Lair:6   | Entered Level 6 of the Lair of Beasts
 28831 | Lair:6   | Found a frozen archway.
 29456 | Lair:6   | Reached skill level 14 in Unarmed Combat
 29456 | Lair:6   | Reached skill level 10 in Transmutations
 30205 | Lair:6   | Found a runed translucent door.
 30206 | Lair:6   | Found a viscous altar of Jiyva.
 30207 | Lair:6   | Found a staircase to the Slime Pits.
 30498 | Lair:6   | Found a large runed translucent door.
 30498 | Lair:6   | Noticed a fire dragon
 30538 | Lair:6   | Found a large runed translucent door.
 30871 | Lair:6   | Reached ***** piety under Dithmenos
 31770 | Lair:6   | Gained mutation: Your tail ends in a venomous barb. [Green
                  | Draconian growth]
 31770 | Lair:6   | Reached XP level 14. HP: 124/124 MP: 20/20
 31923 | Lair:6   | Killed from afar by a fire dragon

Illustrated notes

Levels and vault maps discovered:
D:1:      dpeg_arrival_tiny_c, layout_loops_ring, minmay_stone_trees_medium,
          minmay_small_reverse_x
D:2:      kennysheep_the_goblin_king, layout_loops_ring, uniq_jessica
D:3:      layout_rooms, mainiacjoe_overflow_six_doors_small,
          basic_ecumenical_altar, serial_shops, nicolae_shop_stone,
          nicolae_shop_trees, nicolae_lakefront_shop, shop_coins, shop_fountains
D:4:      minmay_diamond_boxcup, layout_basic, chequers_decorated_corner,
          grunt_decor_one_mirror
D:5:      layout_cave_pools, palyth_stone_intersect, hangedman_glass_teeth,
          nicolae_grassy_gnolls, uniq_sigmund, uniq_blork_the_orc, uniq_ijyb
D:6:      layout_rooms, minmay_temple_entry_mist, minmay_three_doors
D:7:      layout_loops_cross, enter_bailey_7
D:8:      layout_loops_ring, serial_rivers, chequers_serial_rivers_micro_c,
          chequers_serial_rivers_micro_d, chequers_serial_rivers_small_b,
          chequers_serial_rivers_small_a, chequers_serial_rivers_micro_e,
          uniq_pikel, uniq_gastronok
D:9:      layout_loops_cross, gammafunk_temple_overflow_pools, david_orc_2,
          minmay_crystal_room, uniq_prince_ribbit1
D:10:     layout_roguey, mainiacjoe_overflow_alcove_2,
          mainiacjoe_overflow_big_doors, nzn_overflow_gifts_of_might_and_magic,
          lair_entry_dummy
D:11:     layout_irregular_city
D:12:     layout_layer_cave, minmay_hidden_floor
Temple:   eino_temple_water
Lair:1:   layout_chaotic_city, hangedman_lair_generics_rect,
          infiniplex_staircase_pool, serial_bayou_shore_b, uniq_harold,
          uniq_fannar
Lair:2:   layout_chaotic_city, grunt_forest_stairs_basic,
          nicolae_quartered_pool_medium
Lair:3:   minmay_lair_oklob_chamber, layout_chaotic_city, swamp_mist,
          minmay_snake_entry_guardpost_small, nicolae_lair_liquid_snakes
Lair:4:   layout_cave_pods, lemuel_centaur_altar
Lair:5:   layout_gridlike
Lair:6:   cheibrodos_lair_end_hotspot, layout_loops_ring, slime_altar_2,
          portal_ice_cave_entry_pillars_2, st_stairs_4

Skill      XL: |  1  2  3  4  5  6  7  8  9 10 11 12 13 |
---------------+----------------------------------------+-----
Dodging        | 2 3 4 5 |  5.8
Fighting       | 2 3 4 5 6 8 9 10 11 | 11.0
Unarmed Combat | 4 5 6 7 9 11 12 13 14 | 14.3
Transmutations | 3 4 7 9 10 | 10.5
Shields        | 1 2 4 5 6 7 |  7.5
Stealth        | 1 3 4 5 6 7 |  7.0
Translocations | 1 2 3 4 |  4.8
Spellcasting   | 3 4 |  4.1
Throwing       | 3 |  3.1
Ice Magic      | 3 |  3.0
Invocations    | 3 |  3.0

Action                   |  1- 3 |  4- 6 |  7- 9 | 10-12 | 13-15 || total
-------------------------+-------+-------+-------+-------+-------++-------
Melee: Unarmed           |   106 |   200 |   292 |   661 |   428 ||  1687
       Kick              |    19 |    43 |    71 |   185 |    68 ||   386
       Headbutt          |     8 |    23 |    38 |   116 |    53 ||   238
       Tailslap          |    11 |    20 |    51 |   122 |    96 ||   300
       Punch             |     2 |       |       |       |       ||     2
       War axe           |       |       |       |     6 |       ||     6
       Scimitar          |       |       |       |    19 |    27 ||    46
       Hand axe          |       |       |       |    15 |       ||    15
Throw: Boomerang         |       |       |       |     6 |       ||     6
       Javelin           |       |       |       |       |     4 ||     4
 Cast: Beastly Appendage |    26 |    48 |    40 |    69 |    27 ||   210
       Wereblood         |       |     1 |     1 |       |     1 ||     3
       Ice Form          |       |       |       |     2 |       ||     2
       Blink             |       |       |       |       |     1 ||     1
 Abil: Breathe Noxious F |       |       |    34 |    46 |    13 ||    93
Evoke: Wand              |       |     4 |       |       |     4 ||     8
  Use: Scroll            |       |     5 |     1 |    16 |     1 ||    23
       Potion            |       |       |     1 |     1 |     1 ||     3
 Stab: Confused          |       |       |    27 |    39 |     6 ||    72
       Sleeping          |       |       |     2 |    14 |    11 ||    27
       Distracted        |       |       |       |     1 |     1 ||     2
Armor: Skin              |    32 |    59 |    51 |   257 |   144 ||   543
Dodge: Dodged            |    60 |    92 |   111 |   493 |   210 ||   966
Block: Buckler           |       |    24 |    33 |   161 |       ||   218
       Kite shield       |       |       |    18 |    51 |   273 ||   342
